 Dungeon Crawl Stone Soup version 0.17-a0-1718-g72dbe4d (webtiles) character file.

32 EonDragon20 the Gusty (level 3, 0/19 HPs)
             Began as a Tengu Air Elementalist on Aug 26, 2015.
             Slain by Terence
             ... wielding a +0 short sword
              (1 damage)
             ... on level 2 of the Dungeon.
             The game lasted 00:07:09 (1504 turns).

EonDragon20 the Gusty (Tengu Air Elementalist)      Turns: 1504, Time: 00:07:09

Health: 0/19       AC:  7    Str:  8    XL:     3   Next: 27%
Magic:  0/7        EV: 12    Int: 16    God:
Gold:   90         SH:  0    Dex: 14    Spells: 3 memorised, 1 level left

rFire  . . .     SeeInvis .     g - +2 dagger (protect)
rCold  . . .     Clarity  .     a - +0 robe
rNeg   . . .     SustAt   .     (no shield)
rPois  .         Gourm    .     (helmet restricted)
rElec  .         Spirit   .     (no cloak)
rCorr  .         Warding  .     (no gloves)
rMut   .         Stasis   .     (boots unavailable)
MR     .....                    (no amulet)
Stlth  ++........               (no ring)
                                (no ring)

@: very slightly contaminated, not resistant to hostile enchantments, unstealthy
A: beak, talons 3
a: no special abilities


You were on level 2 of the Dungeon.
You were not hungry.

You visited 1 branch of the dungeon, and saw 2 of its levels.

You collected 90 gold pieces.

Inventory:

Hand weapons
 g - a +2 dagger of protection (weapon)
Armour
 a - a +0 robe (worn)
Potions
 d - a potion of curing
 j - a potion of degeneration {unknown}
 k - a potion of brilliance {unknown}
Books
 b - a book of Air

   Spells                             Type                      Level
   a - Shock                          Conjuration/Air              1
   b - Swiftness                      Charms/Air                   2
   c - Repel Missiles                 Charms/Air                   2
   d - Static Discharge               Conjuration/Air              3
   e - Lightning Bolt                 Conjuration/Air              5
Comestibles
 c - 2 bread rations
 f - a beef jerky
 h - 2 chunks of flesh
 i - 3 fruits


   Skills:
 - Level 2.1 Dodging
 - Level 2.0 Stealth
 - Level 2.0 Spellcasting
 + Level 3.0 Conjurations
 + Level 4.9 Air Magic


You had one spell level left.
You knew the following spells:

 Your Spells              Type           Power        Failure   Level  Hunger
a - Shock                 Conj/Air       ##..         6%          1    #......
b - Repel Missiles        Chrm/Air       #.....       14%         2    ###....
c - Swiftness             Chrm/Air       #.......     14%         2    ###....


Dungeon Overview and Level Annotations

Branches:
Dungeon (2/15)

Altars:

Annotations:
D:2 Terence


Innate Abilities, Weirdness & Mutations

You have a beak for a mouth.
You have claws for feet.


Message History

Terence hits you but does no damage. Terence screams, "I want your blood!"
Terence misses you.
You barely miss Terence.
Terence is severely wounded.
Terence hits you but does no damage. x2
Casting: Shock
Confirm with . or Enter, or press ? or * to list all spells.
Aiming: Shock
Press: ? - help, Shift-Dir - straight line, f/p - Terence
Aim: Terence, wielding a short sword and wearing a scale mail (severely wounded, fast)
The zap hits Terence.
Terence is almost dead.
Terence hits you with a short sword.
You hit Terence. Your kick misses Terence.
Terence is almost dead.
Terence hits you with a short sword!
* * * LOW HITPOINT WARNING * * *
Terence hits you with a short sword.
You die...

#.....<...##..........##.
#.............##.#.#.##
#........#.#.##..#.#.#
#...............##.#.#
#.....................
#...........##...#....
#.....................
##.#....@.<...........
##.#....@............#
###....................#
#.............##..).####
#.##..........# #...# #.
#..........# #...
#...รท.....## ...
#.........# #.........#
............#


You could see Terence.

Vanquished Creatures
  A worm (D:1)
  A giant gecko (D:1)
  A ball python (D:2)
  2 goblins (D:1)
  5 hobgoblins
  7 bats
  2 giant cockroaches
  4 giant newts (D:1)
  3 kobolds (D:1)
  3 rats (D:1)
29 creatures vanquished.

Notes
Turn   | Place    | Note
--------------------------------------------------------------
     0 | D:1      | EonDragon20 the Tengu Air Elementalist began the quest for the Orb.
     0 | D:1      | Reached XP level 1. HP: 10/10 MP: 4/4
   330 | D:1      | Reached XP level 2. HP: 15/15 MP: 1/6
  1149 | D:1      | Reached XP level 3. HP: 19/19 MP: 1/7
  1203 | D:1      | Learned a level 2 spell: Repel Missiles
  1206 | D:1      | Learned a level 2 spell: Swiftness
  1456 | D:2      | Noticed Terence
  1504 | D:2      | Slain by Terence

Vault maps used:
D:1:      roderic_crop_circles_arrival_small
D:2:      good_gods_mini_temple, lightli_temple_of_fire, minmay_liquid_box,
          uniq_terence

Action                   || total
-------------------------++-------
Melee: Unarmed           ||    14
       Dagger            ||    12
 Cast: Shock             ||    72
       Swiftness         ||     1
  Use: Scroll            ||     3
       Potion            ||     1
  Eat: Chunk             ||     3
